 Dungeon Crawl Stone Soup version 0.17.0-24-gcfadda4 (webtiles) character file.

91 M4edhros the Magician (level 4, -3/33 HPs)
             Began as a Draconian Wanderer on Nov 16, 2015.
             Slain by Natasha (6 damage)
             ... on level 2 of the Dungeon.
             The game lasted 00:04:37 (2366 turns).

M4edhros the Magician (Draconian Wanderer)          Turns: 2366, Time: 00:04:37

Health: -3/33      AC:  5    Str: 16    XL:     4   Next: 33%
Magic:  6/10       EV: 11    Int: 11    God:
Gold:   126        SH:  0    Dex: 11    Spells: 1 memorised, 11 levels left

rFire  . . .     SeeInvis .     d - +0 club
rCold  . . .     Clarity  .     (armour unavailable)
rNeg   . . .     SustAt   .     (no shield)
rPois  .         Gourm    .     (helmet restricted)
rElec  .         Spirit   .     (no cloak)
rCorr  .         Warding  .     (no gloves)
rMut   .         Stasis   .     (no boots)
MR     .....                    (no amulet)
Stlth  +.........               (no ring)
                                (no ring)

@: very slightly contaminated, not resistant to hostile enchantments, very
unstealthy
A: unfitting armour, cold-blooded, AC +5
a: no special abilities


You were on level 2 of the Dungeon.
You were hungry.

You visited 1 branch of the dungeon, and saw 2 of its levels.

You collected 126 gold pieces.

Inventory:

Hand Weapons
 d - a +0 club (weapon)
Wands
 k - a wand of polymorph (12)
Scrolls
 f - a scroll of random uselessness {unknown}
 g - 2 scrolls of remove curse
 j - a scroll of identify {unknown}
 m - a scroll of enchant weapon {unknown}
Potions
 h - a potion of invisibility {unknown}
 i - a potion of flight {unknown}
 n - a potion of beneficial mutation {unknown}
Books
 a - a book of Minor Magic

   Spells                             Type                      Level
   a - Magic Dart                     Conjuration                  1
   b - Blink                          Translocation                2
   c - Call Imp                       Summoning                    2
   d - Repel Missiles                 Charms/Air                   2
   e - Slow                           Hexes                        2
   f - Conjure Flame                  Conjuration/Fire             3
   g - Mephitic Cloud                 Conjuration/Poison/Air       3
 b - the Compendium of Cloudy Attacks

   Spells                             Type                      Level
   a - Shock                          Conjuration/Air              1
   b - Mephitic Cloud                 Conjuration/Poison/Air       3
 c - the Disquisition on Dislocation

   Spells                             Type                      Level
   a - Apportation                    Translocation                1
   b - Gell's Gravitas                Hexes/Translocation          3
Comestibles
 e - a bread ration
 l - 2 meat rations


   Skills:
 - Level 1.0 Throwing
   Level 1.0 Shields
 + Level 4.5 Spellcasting
 + Level 2.2 Conjurations
   Level 1.7 Hexes
   Level 2.0 Translocations
 + Level 2.1 Air Magic


You had 11 spell levels left.
You knew the following spells:

 Your Spells              Type           Power        Failure   Level  Hunger
a - Shock                 Conj/Air       #...         12%         1    #......


Dungeon Overview and Level Annotations

Branches:
Dungeon (2/15)

Altars:
Vehumet

Annotations:
D:2 Natasha


Innate Abilities, Weirdness & Mutations

Your plain brown scales are hard (AC +5).
Your body does not fit into most forms of armour.
You are cold-blooded and may be slowed by cold attacks.


Message History

You are very lightly contaminated with residual magic.
Nothing appears to happen.
Natasha casts a spell at you. You resist with some effort.
Casting: Shock
Confirm with . or Enter, or press ? or * to list all spells.
Aiming: Shock
Press: ? - help, Shift-Dir - straight line, f/p - Natasha
Aim: Natasha (severely wounded)
The zap hits Natasha.
Natasha is almost dead.
Natasha barely misses you.
Casting: Shock
Confirm with . or Enter, or press ? or * to list all spells.
Aiming: Shock
Press: ? - help, Shift-Dir - straight line, f/p - Natasha
Aim: Natasha (almost dead)
The zap misses Natasha.
The zap hits the iron imp.
The iron imp appears unharmed.
Natasha claws you.
You die...

##.####..#.# .
#........#.#
#..####.##.####...
#..# #...........
#..#######.####..
#..#.......#
#5.....#####
#h###..# #@# #..#
#.# #..###########
#.# #.............
#.# #.###.....####
#.# #.# #.........
#.# #.# #.....####
#.# #.# #.....##..
#.# #.# ##.####..#
#.# #.# #.# #..#


You could see an iron imp and Natasha.

Vanquished Creatures
  Ijyb (D:2)
  An adder (D:2)
  2 worms
  2 ball pythons
  2 giant cockroaches (D:1)
  6 hobgoblins
  7 kobolds
  7 bats
  3 giant geckos
  A giant newt (D:1)
  6 goblins
  2 jackals (D:2)
  8 rats
48 creatures vanquished.

Notes
Turn   | Place    | Note
--------------------------------------------------------------
     0 | D:1      | M4edhros the Draconian Wanderer began the quest for the Orb.
     0 | D:1      | M4edhros set off with: a book of Minor Magic, the Compendium of Cloudy Attacks, the Disquisition on Dislocation, a +0 club, a bread ration
     0 | D:1      | Reached XP level 1. HP: 14/14 MP: 5/5
     0 | D:1      | Identified the Compendium of Cloudy Attacks
     0 | D:1      | Identified the Disquisition on Dislocation
     2 | D:1      | Learned a level 1 spell: Shock
    58 | D:1      | Reached skill level 1 in Air Magic
   385 | D:1      | Reached XP level 2. HP: 20/20 MP: 7/7
   683 | D:1      | Reached skill level 1 in Conjurations
  1313 | D:1      | Reached XP level 3. HP: 13/26 MP: 8/8
  1506 | D:2      | Noticed Ijyb
  1694 | D:2      | Killed Ijyb
  1776 | D:2      | Reached XP level 4. HP: 21/33 MP: 6/10
  1996 | D:2      | Found a radiant altar of Vehumet.
  2353 | D:2      | Noticed Natasha
  2366 | D:2      | Slain by Natasha

Action                   |  1- 3 |  4- 6 || total
-------------------------+-------+-------++-------
Melee: Club              |   139 |    65 ||   204
 Cast: Shock             |    29 |    12 ||    41
  Use: Scroll            |     4 |       ||     4
  Eat: Bread ration      |     1 |       ||     1
